 Dungeon Crawl Stone Soup version 0.21.0-3-g78d12a8bdd (webtiles) character file.

141 Nivus the Shield-Bearer (level 5, 0/41 HPs)
             Began as a Human Fighter on Jan 15, 2018.
             Killed from afar by an orc (16 damage)
             ... with a wand of acid (3)
             ... on level 3 of the Dungeon.
             The game lasted 00:10:02 (1760 turns).

Nivus the Shield-Bearer (Human Fighter)             Turns: 1760, Time: 00:10:03

Health: 0/41       AC:  2    Str: 20    XL:     5   Next: 48%
Magic:  5/5        EV:  7    Int:  8    God:
Gold:   164        SH:  9    Dex: 13    Spells: 4/4 levels left

rFire    . . .     SeeInvis .   a - +0 rapier
rCold    . . .     Gourm    .   c - +0 shield
rNeg     . . .     Faith    .   b - +0 scale mail
rPois    .         Spirit   .   (no helmet)
rElec    .         Reflect  .   (no cloak)
rCorr    .         Harm     .   (no gloves)
MR       .....                  (no boots)
Stlth    ..........             (no amulet)
HPRegen  0.13/turn              h - +3 ring of strength
MPRegen  0.09/turn              (no ring)

@: corroded
A: no striking features
a: no special abilities


You were on level 3 of the Dungeon.
You were hungry.

You visited 1 branch of the dungeon, and saw 3 of its levels.

You collected 164 gold pieces.

Inventory:

Hand Weapons
 a - a +0 rapier (weapon)
 g - a +0 dagger
 k - a +0 hunting sling
 m - a +0 spear
 o - a +0 short sword
 p - a +0 spear
 u - a +0 club
 w - a +0 hand axe
 x - a +0 whip
 y - a +0 hand axe
 A - a cursed -3 club
 B - a +0 dagger
 C - a +0 club
 D - a +0 flail
 E - a +0 short sword
 G - a +0 hand axe
 I - a +0 whip
 J - a +0 club
 K - a +0 club
 M - a +0 hand axe
 O - a +0 club
 P - a cursed -2 club
 Q - a +0 spear
 S - a +0 dagger
 T - a +0 short sword
 X - a +0 short sword
Missiles
 e - 107 stones (quivered)
 l - 3 needles of confusion
 t - 40 sling bullets
 v - 43 arrows
 z - 17 poisoned needles
 V - 9 bolts
Armour
 b - a +0 scale mail (worn)
 c - a +0 shield (worn)
 q - a +0 leather armour
 s - a +0 ring mail
 F - a +0 scale mail
 N - a +0 ring mail
 U - a +0 robe
Jewellery
 h - a +3 ring of strength (left hand)
Scrolls
 j - 5 scrolls of remove curse {unknown}
 H - 4 scrolls of amnesia {unknown}
 R - 2 scrolls of identify {unknown}
 W - a scroll of teleportation {unknown}
Potions
 d - a potion of might
 i - 4 potions of heal wounds {unknown}
 n - a potion of brilliance {unknown}
 r - a potion of ambrosia {unknown}
 L - a potion of agility {unknown}
Comestibles
 f - 7 rations


   Skills:
 + Level 3.5 Fighting
 + Level 3.7 Short Blades
 + Level 3.6 Armour
 + Level 0.5 Dodging
 + Level 3.7 Shields


You had 4 spell levels left.
You didn't know any spells.

Dungeon Overview and Level Annotations

Branches:
Dungeon (3/15)

Altars:

Annotations:
D:3 Jessica


Message History

The orc throws a stone.
You block the stone.
You see here a stone.
You see here a stone.
A gnoll comes into view.
The gnoll shouts!
You hear a shout!
The orc throws a stone.
The stone closely misses you.
You see here 2 stones.
The orc zaps a wand.
The bolt of acid hits you! The acid corrodes you!
You are splashed with acid!
The acid burns!
It is a wand of acid (3).
You see here 2 stones.
You hit the orc.
The orc is severely wounded.
The orc closely misses you.
You barely miss the orc.
The orc is severely wounded.
The orc hits you but does no damage.
You barely miss the orc.
The orc is severely wounded.
The orc zaps a wand.
The bolt of acid hits you!
You die...

#.#
##.....###.#
#.###.######
#.#.## #..#
#..######
#........
#.#####.#
#.# #@#
#.olg....
######...
.@.## .....
.... . #. #.
#.


You could see a gnoll, an orc and a leopard gecko.

Vanquished Creatures
  An orc wizard (D:3)
  5 adders
  An ooze (D:2)
  2 worms (D:2)
  2 leopard geckos (D:2)
  8 orcs
  4 giant cockroaches
  3 goblins (D:2)
  6 hobgoblins
  A quokka (D:2)
  A ball python (D:2)
  5 bats
  4 frilled lizards
  3 kobolds
  4 rats
50 creatures vanquished.

Notes
Turn   | Place    | Note
-------+----------+-------------------------------------------
     0 | D:1      | Nivus the Human Fighter began the quest for the Orb.
     0 | D:1      | Reached XP level 1. HP: 18/18 MP: 1/1
   197 | D:1      | Reached XP level 2. HP: 24/24 MP: 2/2
   572 | D:2      | Reached XP level 3. HP: 26/29 MP: 3/3
   784 | D:2      | Reached XP level 4. HP: 28/35 MP: 4/4
  1551 | D:3      | Reached XP level 5. HP: 40/41 MP: 5/5
  1604 | D:3      | Noticed Jessica
  1760 | D:3      | Killed from afar by an orc

Skill      XL: |  1  2  3  4 |
---------------+-------------+-----
Short Blades   | 3 |  3.7
Fighting       | |  3.5
Armour         | |  3.6
Dodging        | |  0.5
Shields        | |  3.7

Action                   |  1- 3 |  4- 6 || total
-------------------------+-------+-------++-------
Melee: Rapier            |    75 |    99 ||   174
  Eat: Chunk             |       |     2 ||     2
Armor: Scale mail        |    27 |    55 ||    82
Dodge: Dodged            |    23 |    37 ||    60
Block: Shield            |    38 |    55 ||    93
